 Dungeon Crawl Stone Soup version 0.30-a0-920-g7493c07aab (webtiles) character file.

Game seed: 1537671901147330072

88 cforsyth the Trooper (level 4, 0/36 HPs)
             Began as a Human Fighter on Mar 21, 2023.
             Slain by an orc
             ... wielding a +0 hand axe of venom
              (1 damage)
             ... on level 3 of the Dungeon.
             The game lasted 00:02:16 (2094 turns).

cforsyth the Trooper (Human Fighter)                Turns: 2094, Time: 00:02:17

Health: 0/36       AC: 11    Str: 26    XL:     4   Next: 81%
Magic:  4/4        EV:  8    Int:  8    God:
Gold:   137        SH:  4    Dex: 12    Spells: 3/3 levels left

rFire   . . .      SeeInvis .    s - +5 spear of the Dragonfly {drain, Fragile rCorr Str+7}
rCold   . . .      Faith    .    c - +0 buckler
rNeg    . . .      Spirit   .    q - +0 chain mail
rPois   .          Reflect  .    r - +0 helmet
rElec   .          Rampage  .    l - +0 cloak
rCorr   +                        (no gloves)
Will    .....                    (no boots) Stlth
                                 (no amulet)
HPRegen 0.26/turn                (no ring)
MPRegen 0.09/turn                (no ring)

@: brilliant, lethally poisoned (0 -> -16)
A: no striking features
a: no special abilities


You were on level 3 of the Dungeon.
You visited 1 branch of the dungeon, and saw 3 of its levels.

You collected 137 gold pieces.

Inventory:

Hand Weapons
 a - a +0 flail
 s - the +5 spear of the Dragonfly (weapon) {drain, Fragile rCorr Str+7}
   (You found it on level 3 of the Dungeon)

   Str:       It affects your strength (+7).
   rCorr:     It protects you from acid and corrosion.
   Fragile:   It will be destroyed if unequipped.
Armour
 b - a +0 scale mail
 c - a +0 buckler (worn)
 l - a +0 cloak (worn)
 q - a +0 chain mail (worn)
 r - a +0 helmet (worn)
Jewellery
 p - a ring of wizardry
Wands
 m - a wand of roots (8)
Scrolls
 e - a scroll of poison {unknown}
 f - 2 scrolls of fog {unknown}
 h - a scroll of enchant weapon {unknown}
 i - 4 scrolls of noise {unknown}
 n - a scroll of identify {unknown}
 o - a scroll of amnesia {unknown}
 u - a scroll of magic mapping {unknown}
 v - a scroll of vulnerability {unknown}
Potions
 d - 2 potions of might
 g - a potion of cancellation {unknown}
 j - a potion of berserk rage {unknown}
 t - a potion of curing {unknown}
 w - a potion of haste {unknown}


   Skills:
 + Level 3.6 Fighting
 + Level 2.8 Maces & Flails
 + Level 3.6 Armour
 + Level 3.6 Shields


You had 3 spell levels left.
You didn't know any spells.
Your spell library contained the following spells:

 Spells                   Type           Power      Damage    Failure   Level
 Static Discharge         Conj/Air       0%         2-2/arc   99%         2
 Vhi's Electric Charge    Tloc/Air       0%         N/A       100%        3
 Arcjolt                  Conj/Air       0%         1d10      100%        5
 Plasma Beam              Fire/Air       0%         2x1d11    100%        5


Dungeon Overview and Level Annotations

Branches:
Dungeon (3/15)

Altars:

Shops:
D:2 (


Message History

The orc wizard flickers and vanishes!
Deactivating autopickup; reactivate with Ctrl-A.
The orc closely misses you. The orc hits you but does no damage.
Unknown command.
You completely miss the orc.
You feel sick. The orc hits you with a +0 hand axe.
Something hits you but does no damage. The orc hits you but does no damage. x2
You are more poisoned.
You hit the orc.
The orc is severely wounded.
You feel very sick. The orc hits you but does no damage. Something hits you.
The orc hits you but does no damage. The orc barely misses you.
You hit the orc. You drain the orc.
You kill the orc!
You feel very sick. The orc hits you but does no damage.
You are more poisoned.
The orc hits you but does no damage.
You hear some strange, mumbled words.
A puff of flame appears from out of thin air!
The puff of flame hits you but does no damage.
Something hits you but does no damage.
You feel less confused.
You feel very sick.
You hit the orc.
You kill the orc!
You feel very sick. Something hits you.
* * * LOW HITPOINT WARNING * * *
The orc hits you with a +0 hand axe of venom.
* * * LOW HITPOINT WARNING * * *
You are more poisoned.
It was a potion of brilliance.
You feel clever all of a sudden.
* * * LOW HITPOINT WARNING * * *
You feel very sick. Something hits you but does no damage.
The orc hits you with a +0 hand axe of venom.
You die...

...########## ...#
#.....# ...####.....#
...#........########
#.#†.##.....##.....##
#.......(...#.......##
#...########......>..#
#....................#
#.##########...)@....#
.. #.....o{....# ##
#.)....).....#
..............#
.#####...$...).#
#.........#
..........#
##.........#
##....^.$##


You could see an orc.

Vanquished Creatures
  An iguana (D:3)
  An adder (D:3)
  2 dart slugs
  3 orcs (D:3)
  5 bats
  4 endoplasms
  2 giant cockroaches
  A goblin (D:3)
  6 hobgoblins
  4 kobolds
  2 quokkas (D:2)
  6 ball pythons
  A frilled lizard (D:1)
  4 rats
42 creatures vanquished.

Notes
Turn   | Place    | Note
-------+----------+-------------------------------------------
     0 | D:1      | cforsyth the Human Fighter began the quest for the Orb.
     0 | D:1      | Reached XP level 1. HP: 18/18 MP: 1/1
   178 | D:1      | Reached XP level 2. HP: 24/24 MP: 2/2
   724 | D:1      | Reached XP level 3. HP: 27/29 MP: 3/3
  1161 | D:2      | Found Jasom's Antique Weapon Boutique.
  1557 | D:2      | Found a faded altar of an unknown god.
  1785 | D:3      | Identified the +5 spear of the Dragonfly {drain, Fragile
                  | rCorr Str+7}
  2031 | D:3      | Reached XP level 4. HP: 35/35 MP: 4/4
  2094 | D:3      | HP: 1/36 [poisoned by an orc]
  2094 | D:3      | Slain by an orc

Illustrated notes

Levels and vault maps discovered:
D:1:      grunt_arrival_crossed_arrows, layout_basic,
          chequers_serial_rivers_small_b
D:2:      layout_loops_ring, serial_shops, nicolae_shop_trees,
          basic_ecumenical_altar, serial_rivers, chequers_serial_rivers_micro_e,
          chequers_serial_rivers_micro_b, chequers_serial_rivers_micro_d,
          chequers_serial_rivers_small_b, chequers_serial_rivers_marsh,
          chequers_serial_rivers_micro_d, minmay_misc_feat_chi
D:3:      layout_rooms, chequers_serial_rivers_large_b, minmay_misc_feat_room

Action                     |  1- 3 |  4- 6 || total
---------------------------+-------+-------++-------
  Melee: Flail             |    84 |       ||    84
         Spear             |    20 |    16 ||    36
    Use: Potion            |       |     1 ||     1
 Armour: Scale mail        |    35 |       ||    35
         Chain mail        |     9 |    16 ||    25
  Dodge: Dodged            |    37 |     5 ||    42
  Block: Buckler           |    19 |       ||    19

Table legend: (Time is in decaauts)
 A = Elapsed time spent in this place.
 B = Non-inter-level travel time spent in this place.
 C = Inter-level travel time spent in this place.
 D = Time resting spent in this place.
 E = Time spent auto-exploring this place.
 F = Levels seen in this place.
 G = Mean time per level.
                   A        B        C        D        E       F      G
               +--------+--------+--------+--------+--------+-----+--------+
         Total |   2158 |   2010 |    148 |      0 |   1688 |   3 |  719.3 |
       Dungeon |   2158 |   2010 |    148 |      0 |   1688 |   3 |  719.3 |
               +--------+--------+--------+--------+--------+-----+--------+

Top non-repeatable levels by time:
     D:1: 921 daAuts
     D:2: 894 daAuts
     D:3: 342 daAuts
